 Dungeon Crawl Stone Soup version 0.22.0-13-g43fe8f2 (webtiles) character file.

208 magipi the Sneak (level 5, 0/64 HPs)
             Began as a Gnoll Assassin on Aug 16, 2018.
             Was an Initiate of Ru.
             Succumbed to a worker ant's poison
             ... on level 3 of the Dungeon.
             The game lasted 00:10:13 (2696 turns).

magipi the Sneak (Gnoll Assassin)                   Turns: 2696, Time: 00:10:13

Health: 0/64       AC: 22    Str: 11 (14) XL:     5   Next: 86%
Magic:  7/7        EV:  2    Int: 11 (14) God:    Ru [......]
Gold:   140        SH:  0    Dex: 14 (16) Spells: 7/7 levels left

rFire    . . .     SeeInvis .   a - +2 dagger
rCold    . . .     Gourm    .   (no shield)
rNeg     + + +     Faith    .   (armour currently unavailable)
rPois    +         Spirit   .   (helmet currently unavailable)
rElec    .         Reflect  .   (cloak currently unavailable)
rCorr    .         Harm     .   (gloves currently unavailable)
MR       .....     NoTele   +   (boots currently unavailable)
Stlth    ++++......             (no amulet)
HPRegen  0.20/turn              (no ring)
MPRegen  0.10/turn              (no ring)

@: lethally poisoned (0 -> -6), tree-form, very slightly contaminated, hasted,
invisible, very quick
A: distributed training, strong nose
a: Renounce Religion


You were on level 3 of the Dungeon.
You worshipped Ru.
Ru was noncommittal.
You were hungry.
You were a tree.
You visited 1 branch of the dungeon, and saw 4 of its levels.

You collected 140 gold pieces.

Inventory:

Hand Weapons
 a - a +2 dagger (weapon)
 b - a +1 blowgun
 u - a +0 falchion of protection
   (You took it off an orc on level 3 of the Dungeon)
Missiles
 e - 6 poisoned needles
Armour
 d - a +0 cloak (melded)
 m - a +0 buckler
   (You found it on level 2 of the Dungeon)
 o - a +0 ring mail (melded)
   (You found it on level 2 of the Dungeon)
 v - a +1 pair of boots (melded)
   (You found it on level 4 of the Dungeon)
Jewellery
 l - a +4 ring of dexterity {unknown}
   (You found it on level 1 of the Dungeon)
 n - an uncursed ring of stealth {unknown}
   (You found it on level 2 of the Dungeon)
 q - an uncursed ring of ice {unknown}
   (You found it on level 2 of the Dungeon)
Scrolls
 r - a scroll of teleportation
Potions
 i - 4 potions of flight
Comestibles
 c - 2 chunks of flesh
 g - 2 rations


   Skills:
 + Level 4.8 Fighting
 + Level 4.8 Short Blades
 + Level 1.6 Long Blades
 + Level 1.6 Axes
 + Level 1.6 Maces & Flails
 + Level 1.6 Polearms
 + Level 1.6 Staves
 + Level 1.6 Slings
 + Level 1.6 Bows
 + Level 1.6 Crossbows
 + Level 4.8 Throwing
 + Level 1.6 Armour
 + Level 3.0 Dodging
 + Level 7.9 Stealth
 + Level 1.6 Shields
 + Level 1.6 Unarmed Combat
 + Level 1.6 Spellcasting
 + Level 1.3 Conjurations
 + Level 1.3 Hexes
 + Level 1.3 Charms
 + Level 1.3 Summonings
 + Level 1.3 Necromancy
 + Level 1.3 Translocations
 + Level 1.3 Transmutations
 + Level 1.3 Fire Magic
 + Level 1.3 Ice Magic
 + Level 1.3 Air Magic
 + Level 1.3 Earth Magic
 + Level 1.3 Poison Magic
 + Level 1.8 Invocations
 + Level 1.6 Evocations


You had 7 spell levels left.
You didn't know any spells.
Your spell library was empty.

Dungeon Overview and Level Annotations

Branches:
Dungeon (4/15)
 Temple: D:4-7

Altars:
Cheibriados
Dithmenos
Makhleb
Ru
Wu Jian

Annotations:
D:4 Ijyb


Innate Abilities, Weirdness & Mutations

Your experience applies equally to all skills.
((You have very sharp teeth.))
Your uncanny sense of smell can sniff out nearby items.


Message History

You completely miss the adder.
Ijyb looks more energetic.
The adder closely misses you.
You miss the adder. Your bite misses the adder. The adder bites you.
You are poisoned.
The adder poisons you!
You miss the adder. Your bite misses the adder.
You feel sick. The adder bites you.
You are more poisoned.
The adder poisons you!
You hit the adder.
The adder is lightly wounded.
The adder barely misses you.
You hit the adder.
The adder is lightly wounded.
You feel sick. The adder bites you but does no damage.
You hit the adder. Your bite misses the adder.
The adder is moderately wounded.
The adder completely misses you.
You barely miss the adder.
The adder is moderately wounded.
You feel sick. The adder closely misses you.
You hit the adder.
The adder is heavily wounded.
The adder bites you.
You hit the adder.
You kill the adder!
You hit the worker ant but do no damage.
You feel sick. The worker ant barely misses you.
You closely miss the worker ant.
The worker ant bites you but does no damage.
You hit the worker ant.
The worker ant is lightly wounded.
The worker ant bites you.
You barely miss the worker ant.
The worker ant is lightly wounded.
You feel sick.
The worker ant bites you but does no damage.
You hit the worker ant. You punch the worker ant.
You bite the worker ant, but do no damage.
The worker ant is moderately wounded.
The worker ant bites you.
You are more poisoned.
The worker ant poisons you!
You open the door.
You feel sick. The worker ant completely misses you.
You feel sick.
There is an open door here.
You feel sick. The worker ant barely misses you.
You feel sick.
You feel sick.
You feel sick.
You feel sick.
The worker ant bites you but does no damage.
You feel sick.
Ijyb screams, "Level is mine!
All mine!"
You feel sick.
You feel sick.
There is a stone staircase leading up here.
You feel sick. The worker ant bites you.
* * * LOW HITPOINT WARNING * * *
You are lethally poisoned!
The worker ant poisons you! The worker ant bites you.
* * * LOW HITPOINT WARNING * * *
You climb upwards.
* * * LOW HITPOINT WARNING * * *
You feel sick.
There is a stone staircase leading down here.
It was a potion of invisibility.
You fade into invisibility!
* * * LOW HITPOINT WARNING * * *
You feel sick.
The worker ant bites you but does no damage.
You are very lightly contaminated with residual magic.
It was a potion of haste.
You feel yourself speed up.
* * * LOW HITPOINT WARNING * * *
You feel sick. The worker ant closely misses you.
It was a potion of magic.
Magic courses through your body. The worker ant closely misses you.
It was a potion of lignification.
You turn into a tree.
Your +0 cloak melds into your body.
Your +1 pair of boots melds into your body.
Your +0 ring mail melds into your body.
Your roots penetrate the ground.
* * * LOW HITPOINT WARNING * * *
You feel sick. The worker ant barely misses you.
It was a potion of degeneration.
There was something very wrong with that liquid.
You feel weakened.
You feel dopey.
You feel clumsy.
You hit the worker ant.
The worker ant is heavily wounded.
* * * LOW HITPOINT WARNING * * *
You feel sick. The worker ant barely misses you.
Okay, then.
Unknown command.
You hit the worker ant but do no damage.
The worker ant is heavily wounded.
The worker ant bites you.
* * * LOW HITPOINT WARNING * * *
You catch the helpless worker ant completely off-guard!
You impale the worker ant!!
You kill the worker ant!
You die...

##.###### #.# #.####
##.# #.# #.# ##.#
#.# #.# ##.# #.# #.#
##.# #.# #.#
##.########.## #.#
##.[[..).....# #.#
###########..#####.#
# ##....♣..# #
#.####### ##### #.#
....# #.# ###.# #.#
###.# #.# .##.#
####.# ..#.# #....#
#.#.# #....#


There were no monsters in sight!

Vanquished Creatures
  An orc priest (D:3)
  Crazy Yiuf (D:2)
  A worker ant (D:3)
  An adder (D:4)
  2 oozes
  2 worms
  2 dart slugs
  4 leopard geckos
  8 orcs (D:3)
  2 ball pythons
  6 bats
  2 giant cockroaches
  9 goblins
  11 hobgoblins
  7 jackals
  2 quokkas (D:2)
  6 frilled lizards
  13 kobolds
  2 rats
82 creatures vanquished.

Notes
Turn   | Place    | Note
-------+----------+-------------------------------------------
     0 | D:1      | magipi the Gnoll Assassin began the quest for the Orb.
     0 | D:1      | Reached XP level 1. HP: 20/20 MP: 1/1
   235 | D:1      | Reached XP level 2. HP: 25/26 MP: 2/2
   585 | D:1      | Reached XP level 3. HP: 31/31 MP: 3/3
   812 | D:1      | Reached skill level 1 in Invocations
  1029 | D:2      | Reached skill level 1 in Long Blades
  1029 | D:2      | Reached skill level 1 in Axes
  1029 | D:2      | Reached skill level 1 in Maces & Flails
  1029 | D:2      | Reached skill level 1 in Polearms
  1029 | D:2      | Reached skill level 1 in Staves
  1029 | D:2      | Reached skill level 1 in Slings
  1029 | D:2      | Reached skill level 1 in Bows
  1029 | D:2      | Reached skill level 1 in Crossbows
  1029 | D:2      | Reached skill level 1 in Armour
  1029 | D:2      | Reached skill level 1 in Shields
  1029 | D:2      | Reached skill level 1 in Unarmed Combat
  1029 | D:2      | Reached skill level 1 in Spellcasting
  1029 | D:2      | Reached skill level 1 in Evocations
  1087 | D:2      | Reached XP level 4. HP: 37/38 MP: 5/5
  1169 | D:2      | Found a sacrificial altar of Ru.
  1178 | D:2      | Became a worshipper of Ru the Awakened
  1395 | D:2      | Found a runed door.
  1399 | D:2      | Noticed Crazy Yiuf
  1403 | D:2      | Killed Crazy Yiuf
  1403 | D:2      | Reached skill level 1 in Conjurations
  1403 | D:2      | Reached skill level 1 in Hexes
  1403 | D:2      | Reached skill level 1 in Charms
  1403 | D:2      | Reached skill level 1 in Summonings
  1403 | D:2      | Reached skill level 1 in Necromancy
  1403 | D:2      | Reached skill level 1 in Translocations
  1403 | D:2      | Reached skill level 1 in Transmutations
  1403 | D:2      | Reached skill level 1 in Fire Magic
  1403 | D:2      | Reached skill level 1 in Ice Magic
  1403 | D:2      | Reached skill level 1 in Air Magic
  1403 | D:2      | Reached skill level 1 in Earth Magic
  1403 | D:2      | Reached skill level 1 in Poison Magic
  1608 | D:3      | Found a snail-covered altar of Cheibriados.
  1650 | D:3      | Reached XP level 5. HP: 43/43 MP: 6/6
  2236 | D:3      | Found an ornate altar of the Wu Jian Council.
  2250 | D:3      | Found a shadowy altar of Dithmenos.
  2493 | D:3      | Found a burning altar of Makhleb.
  2596 | D:4      | Noticed Ijyb
  2690 | D:3      | HP: 2/43 [poisoned by a worker ant]
  2695 | D:3      | HP: 1/64 [worker ant (1)]
  2696 | D:3      | Succumbed to a worker ant's poison

Skill      XL: |  1  2  3  4  5 |
---------------+----------------+-----
Invocations    | 1 |  1.8
Long Blades    | 1 |  1.6
Axes           | 1 |  1.6
Maces & Flails | 1 |  1.6
Polearms       | 1 |  1.6
Staves         | 1 |  1.6
Slings         | 1 |  1.6
Bows           | 1 |  1.6
Crossbows      | 1 |  1.6
Armour         | 1 |  1.6
Shields        | 1 |  1.6
Unarmed Combat | 1 |  1.6
Spellcasting   | 1 |  1.6
Evocations     | 1 |  1.6
Conjurations   | 1 |  1.3
Hexes          | 1 |  1.3
Charms         | 1 |  1.3
Summonings     | 1 |  1.3
Necromancy     | 1 |  1.3
Translocations | 1 |  1.3
Transmutations | 1 |  1.3
Fire Magic     | 1 |  1.3
Ice Magic      | 1 |  1.3
Air Magic      | 1 |  1.3
Earth Magic    | 1 |  1.3
Poison Magic   | 1 |  1.3
Dodging        | 3 |  3.0
Fighting       | |  4.8
Short Blades   | |  4.8
Throwing       | |  4.8
Stealth        | |  7.9

Action                   |  1- 3 |  4- 6 || total
-------------------------+-------+-------++-------
Melee: Dagger            |   127 |   161 ||   288
       Bite              |    13 |    11 ||    24
       Punch             |       |     2 ||     2
 Fire: Blowgun           |       |     7 ||     7
  Use: Scroll            |       |     4 ||     4
       Potion            |       |     5 ||     5
 Stab: Sleeping          |     5 |     6 ||    11
       Invisible         |       |     1 ||     1
  Eat: Chunk             |     1 |     4 ||     5
Armor: Robe              |    25 |       ||    25
       Chain mail        |    11 |     5 ||    16
       Ring mail         |       |    41 ||    41
Dodge: Dodged            |    73 |    78 ||   151

Action                   |  1- 3 |  4- 6 || total
-------------------------+-------+-------++-------
Melee: Dagger            |   127 |   161 ||   288
       Bite              |    13 |    11 ||    24
       Punch             |       |     2 ||     2
 Fire: Blowgun           |       |     7 ||     7
  Use: Scroll            |       |     4 ||     4
       Potion            |       |     5 ||     5
 Stab: Sleeping          |     5 |     6 ||    11
       Invisible         |       |     1 ||     1
  Eat: Chunk             |     1 |     4 ||     5
Armor: Robe              |    25 |       ||    25
       Chain mail        |    11 |     5 ||    16
       Ring mail         |       |    41 ||    41
Dodge: Dodged            |    73 |    78 ||   151
